 Dungeon Crawl Stone Soup version 0.23.2-40-g277498a001 (webtiles) character file.

Game seed: 14577422923056325821

138 Frank2 the Chopper (level 4, -4/37 HPs)
             Began as a Demigod Gladiator on Oct 10, 2019.
             Killed by nerve-wracking pain
             ... invoked by Grinder
              (7 damage)
             ... on level 3 of the Dungeon.
             The game lasted 00:02:27 (1654 turns).

Frank2 the Chopper (Demigod Gladiator)              Turns: 1654, Time: 00:02:27

Health: -4/37      AC:  6    Str: 17    XL:     4   Next: 70%
Magic:  6/6        EV: 12    Int: 12    God:
Gold:   137        SH:  0    Dex: 19    Spells: 3/3 levels left

rFire    . . .     SeeInvis .   a - +0 war axe
rCold    . . .     Gourm    .   (no shield)
rNeg     . . .     Faith    .   e - +0 ring mail
rPois    .         Spirit   .   c - +0 helmet
rElec    .         Reflect  .   (no cloak)
rCorr    .         Harm     .   (no gloves)
MR       .....                  (no boots)
Stlth    +.........             (no amulet)
HPRegen  0.12/turn              (no ring)
MPRegen  0.10/turn              (no ring)

@: no status effects
A: high mp 1
a: no special abilities


You were on level 3 of the Dungeon.
You were hungry.

You visited 1 branch of the dungeon, and saw 3 of its levels.

You collected 137 gold pieces.

Inventory:

Hand Weapons
 a - a +0 war axe (weapon)
Armour
 c - a +0 helmet (worn)
 e - a +0 ring mail (worn)
Scrolls
 h - a scroll of remove curse
 i - a scroll of identify
 j - a scroll of magic mapping
 k - 2 scrolls of fear
Potions
 b - a potion of might
 m - 2 potions of mutation
Comestibles
 f - 7 rations


   Skills:
 + Level 2.3 Fighting
 + Level 4.2 Axes
 - Level 1.7 Throwing
 * Level 1.6 Armour
 + Level 3.1 Dodging


You had 3 spell levels left.
You didn't know any spells.
Your spell library was empty.

Dungeon Overview and Level Annotations

Branches:
Dungeon (3/15)

Annotations:
D:3 Grinder


Innate Abilities, Weirdness & Mutations

You have an increased reservoir of magic. (+10% MP)


Message History

You hit Grinder.
Grinder is moderately wounded.
Grinder hits you.
* * * LOW HITPOINT WARNING * * *
You writhe in agony.
* * * LOW HITPOINT WARNING * * *
You slash Grinder!
Grinder is heavily wounded.
Grinder barely misses you.
Okay, then.
As you read the scroll of fear, it crumbles to dust.
You assume a fearsome visage.
Grinder is unaffected.
Grinder misses you. Grinder hits you.
* * * LOW HITPOINT WARNING * * *
You writhe in agony.
* * * LOW HITPOINT WARNING * * *
You see here a gold piece.
Grinder gestures at you. Pain shoots through your body!
You die...

#........... ##
#.........##...
#..............
#....>.).......
#..............
#.........##### #
#.........#
#..##.#.........#
(.....$5$@†....##
......$_$...##<#
......$$$####..#
.......... ..#.#
.....##.####....
..... ..# # #.#
.... #.## ...
#.## #. ##. .


You could see Grinder.

Vanquished Creatures
  Natasha (D:2)
  3 adders
  4 gnolls (D:2)
  An ooze (D:2)
  2 worms (D:2)
  A dart slug (D:1)
  A leopard gecko (D:1)
  A ball python (D:2)
  3 giant cockroaches
  3 goblins
  2 hobgoblins (D:2)
  6 kobolds
  6 bats
  2 frilled lizards (D:1)
  4 rats
40 creatures vanquished.

Notes
Turn   | Place    | Note
-------+----------+-------------------------------------------
     0 | D:1      | Frank2 the Demigod Gladiator began the quest for the Orb.
     0 | D:1      | Reached XP level 1. HP: 17/17 MP: 3/3
   122 | D:1      | Reached XP level 2. HP: 20/24 MP: 4/4
   437 | D:1      | Reached skill level 3 in Axes
  1112 | D:2      | Found an opulent altar of Gozag.
  1217 | D:2      | Reached skill level 1 in Armour
  1217 | D:2      | Reached XP level 3. HP: 29/29 MP: 5/5
  1436 | D:2      | Noticed Natasha
  1445 | D:2      | Killed Natasha
  1445 | D:2      | Reached skill level 4 in Axes
  1445 | D:2      | Reached XP level 4. HP: 26/36 MP: 6/6
  1539 | D:2      | Found a bloodstained altar of Trog.
  1611 | D:3      | Found an opulent altar of Gozag.
  1638 | D:3      | Noticed Grinder
  1654 | D:3      | Killed from afar by Grinder

Skill      XL: |  1  2  3 |
---------------+----------+-----
Axes           | 3 4 |  4.2
Dodging        | 3 |  3.1
Fighting       | 2 |  2.3
Armour         | 1 |  1.6
Throwing       | |  1.7

Action                   |  1- 3 |  4- 6 || total
-------------------------+-------+-------++-------
Melee: War axe           |    96 |    36 ||   132
Throw: Throwing net      |     3 |     1 ||     4
  Use: Scroll            |     7 |     3 ||    10
       Potion            |     1 |       ||     1
 Stab: Held in net/web   |     2 |       ||     2
       Sleeping          |     1 |       ||     1
  Eat: Chunk             |     2 |       ||     2
Armor: Leather armour    |    12 |       ||    12
       Ring mail         |     8 |    15 ||    23
Dodge: Dodged            |    59 |    32 ||    91
